 Dungeon Crawl Stone Soup version 0.20.1-1-g8b1a95d (webtiles) character file.

2495 HammerPanzer the Basher (level 9, -16/94 HPs)
             Began as a Demonspawn Berserker on Oct 26, 2017.
             Was a High Priest of Trog.
             Demolished by a two-headed ogre
             ... wielding a +0 giant club
              (28 damage)
             ... on level 6 of the Dungeon.
             The game lasted 00:24:57 (5603 turns).

HammerPanzer the Basher (Demonspawn Berserker)      Turns: 5603, Time: 00:24:58

Health: -16/94     AC: 14    Str: 24    XL:     9   Next: 28%
Magic:  9/9        EV:  7    Int:  9    God:    Trog [*****.]
Gold:   293        SH: 11    Dex: 14    Spells: 8/8 levels left

rFire    + . .     SeeInvis .   a - +0 morningstar
rCold    . . .     Gourm    .   z - +1 shield
rNeg     . . .     Faith    .   j - +3 scale mail {rPois}
rPois    +         Spirit   .   t - +0 helmet
rElec    .         Reflect  +   b - +0 cloak
rCorr    .         Harm     .   (no gloves)
MR       .....                  x - +0 pair of boots
Stlth    ..........             d - +2 amulet of reflection
Regen    0.3/turn               e - ring of fire
MPRegen  0.2/turn               r - ring of protection from cold

@: berserking, very quick
A: hooves 1, molten scales 1, spiny 3
a: Berserk, Trog's Hand, Brothers in Arms, Burn Spellbooks, Renounce Religion


You were on level 6 of the Dungeon.
You worshipped Trog.
Trog was extremely pleased with you.
You were very hungry.

You visited 1 branch of the dungeon, and saw 7 of its levels.

You collected 592 gold pieces.
You spent 299 gold pieces at shops.

Inventory:

Hand Weapons
 a - a +0 morningstar (weapon)
Missiles
 u - 4 exploding tomahawks (quivered)
 v - 2 tomahawks
Armour
 b - a +0 cloak (worn)
 j - a +3 scale mail of poison resistance (worn)
 t - a +0 helmet (worn)
 x - a +0 pair of boots (worn)
 z - a +1 shield (worn)
Jewellery
 d - a +2 amulet of reflection (around neck)
 e - a ring of fire (left hand)
 p - an uncursed ring of ice
 r - a ring of protection from cold (right hand)
Wands
 y - a wand of flame (28/48)
 A - a wand of confusion (24/48)
 F - a wand of polymorph (17/24)
Scrolls
 f - a scroll of identify
 g - 2 scrolls of fog
 l - 2 scrolls of remove curse
 m - 4 scrolls of teleportation
 q - a scroll of fear
 s - a scroll of blinking
Potions
 h - a potion of lignification
 n - a potion of brilliance
 o - 2 potions of mutation
 w - 2 potions of curing {unknown}
 B - 2 potions of heal wounds
 C - a potion of haste
 D - 2 potions of might
Comestibles
 c - 2 bread rations
 i - 4 meat rations
 k - 2 chunks of flesh
 E - a royal jelly


   Skills:
 - Level 3.0 Fighting
 + Level 11.6 Maces & Flails
 - Level 1.7 Armour
 - Level 1.7 Dodging
 - Level 0.2 Stealth


You had 8 spell levels left.
You didn't know any spells.

Dungeon Overview and Level Annotations

Branches:
Dungeon (7/15)             Temple (0/1) D:4

Altars:
Dithmenos
Trog

Shops:
D:6 *[!

Annotations:
D:7 1 transporter


Innate Abilities, Weirdness & Mutations

You have large cloven feet.
You are partially covered in molten scales. (AC +2)
You are completely covered in sharp spines.


Message History

The two-headed ogre hits you but does no damage.
The two-headed ogre hits you with a giant club!
You sock the two-headed ogre!
The two-headed ogre is severely wounded.
You hit the two-headed ogre.
The two-headed ogre is severely wounded.
The two-headed ogre barely misses you.
The two-headed ogre hits you with a giant club!
You barely miss the two-headed ogre.
The two-headed ogre is severely wounded.
The two-headed ogre hits you with a giant club!!
* * * LOW HITPOINT WARNING * * *
The two-headed ogre hits you with a giant club.
* * * LOW HITPOINT WARNING * * *
A red film seems to cover your vision as you go berserk!
You feel yourself moving faster!
You feel mighty!
You are feeling very hungry.
The two-headed ogre is struck by your spines.
The two-headed ogre hits you with a giant club!!
You die...

#.#.## ##.###
#############..#.
#...............#
#.###########...#
#.# #...# #.#
#...# #.#####.#
#.... #....O@.#
#...# ######..#
#.#.# #..# #.#.#
#... #.#.# #.###
#.#.# ######.#
#.# #...##.# #.#
###...##.# #..
#........# ###


You could see a two-headed ogre.

Vanquished Creatures
  The ghost of teton the Geomancer, a novice GrEE (D:6)
  A hippogriff (D:6)
  Edmund (D:5)
  A water moccasin (D:7)
  An ice beast (D:5)
  An ogre (D:4)
  The ghost of t3hbunneh the Chopper, an amateur DsFi (D:3)
  4 centaurs
  A big kobold (D:6)
  3 gnoll sergeants (D:6)
  A howler monkey (D:6)
  4 crimson imps
  A bullfrog zombie (D:5)
  2 jellies
  A gnoll shaman (D:6)
  An orc priest (D:6)
  A hound (D:6)
  2 centaur skeletons
  An orc wizard (D:6)
  2 worker ants
  2 killer bee zombies
  10 gnolls
  4 adders
  An ooze (D:2)
  An adder zombie (D:5)
  2 worms
  5 dart slugs
  4 leopard geckos
  8 orcs
  8 bats
  4 giant cockroaches
  4 goblins
  18 hobgoblins
  15 kobolds
  4 quokkas
  A ball python (D:3)
  4 frilled lizards
  A leopard gecko zombie (D:5)
  11 rats
  2 plants (D:6)
140 creatures vanquished.

Vanquished Creatures (others)
  4 plants (D:6)
4 creatures vanquished.

Grand Total: 144 creatures vanquished

Notes
Turn   | Place    | Note
-------+----------+-------------------------------------------
     0 | D:1      | HammerPanzer the Demonspawn Berserker began the quest for the Orb.
     0 | D:1      | Reached XP level 1. HP: 18/18 MP: 1/1
    64 | D:1      | Reached skill level 3 in Maces & Flails
   255 | D:1      | Gained mutation: You are partially covered in sharp spines. [demonic ancestry]
   255 | D:1      | Reached XP level 2. HP: 24/24 MP: 2/2
   618 | D:1      | Reached ** piety under Trog
   709 | D:1      | Reached XP level 3. HP: 27/29 MP: 3/3
  1014 | D:3      | Noticed t3hbunneh's ghost (amateur DsFi)
  1042 | D:2      | Reached skill level 4 in Maces & Flails
  1629 | D:3      | Reached XP level 4. HP: 32/35 MP: 4/4
  1702 | D:3      | Killed t3hbunneh's ghost
  1702 | D:3      | Reached skill level 5 in Maces & Flails
  1702 | D:3      | Reached XP level 5. HP: 41/41 MP: 5/5
  1945 | D:3      | Reached *** piety under Trog
  1966 | D:4      | Noticed a centaur
  1973 | D:4      | Killed a centaur
  1973 | D:4      | Reached skill level 6 in Maces & Flails
  2194 | D:3      | Gained mutation: You have large cloven feet. [demonic ancestry]
  2194 | D:3      | Reached XP level 6. HP: 33/47 MP: 6/6
  2382 | D:5      | Entered Level 5 of the Dungeon
  2930 | D:4      | Found a staircase to the Ecumenical Temple.
  3483 | D:5      | Reached skill level 7 in Maces & Flails
  3692 | D:5      | Gained mutation: You are mostly covered in sharp spines. [demonic ancestry]
  3692 | D:5      | Reached XP level 7. HP: 43/52 MP: 7/7
  3941 | D:5      | Reached skill level 8 in Maces & Flails
  3942 | D:5      | Noticed Edmund
  3949 | D:5      | Killed Edmund
  4024 | D:5      | Found a shadowy altar of Dithmenos.
  4197 | D:5      | Reached **** piety under Trog
  4407 | D:6      | Gained mutation: You are completely covered in sharp spines. [demonic ancestry]
  4407 | D:6      | Reached XP level 8. HP: 58/58 MP: 8/8
  4413 | D:6      | Reached skill level 9 in Maces & Flails
  4429 | D:6      | Noticed a hippogriff
  4437 | D:6      | Killed a hippogriff
  4633 | D:6      | Found Zopsua Haufu's Distillery.
  4636 | D:6      | Bought a potion of heal wounds for 65 gold pieces
  4636 | D:6      | Bought a potion of haste for 130 gold pieces
  4636 | D:6      | Bought a potion of might for 52 gold pieces
  4636 | D:6      | Bought a potion of might for 52 gold pieces
  4673 | D:7      | Reached skill level 10 in Maces & Flails
  4676 | D:7      | Found a transporter.
  4768 | D:6      | Found Ciriy's General Store.
  4791 | D:6      | Noticed teton's ghost (novice GrEE)
  4800 | D:6      | Killed teton's ghost
  4956 | D:6      | Found a bloodstained altar of Trog.
  4999 | D:6      | Found Yxyr's Armour Shoppe.
  5062 | D:6      | Reached skill level 11 in Maces & Flails
  5062 | D:6      | Gained mutation: You are partially covered in molten scales. (AC +2) [demonic ancestry]
  5062 | D:6      | Reached XP level 9. HP: 63/63 MP: 9/9
  5317 | D:6      | Reached ***** piety under Trog
  5596 | D:6      | Noticed a two-headed ogre
  5603 | D:6      | Demolished by a two-headed ogre

Skill      XL: |  1  2  3  4  5  6  7  8 |
---------------+-------------------------+-----
Maces & Flails | 3 4 5 6 7 8 11 | 11.6
Fighting       | |  3.0
Armour         | |  1.7
Dodging        | |  1.7
Stealth        | |  0.2

Action                   |  1- 3 |  4- 6 |  7- 9 || total
-------------------------+-------+-------+-------++-------
Melee: Mace              |   105 |       |       ||   105
       Flail             |    10 |    49 |       ||    59
       Morningstar       |       |    30 |   202 ||   232
Invok: Berserk           |       |     3 |     2 ||     5
  Use: Scroll            |       |    12 |     1 ||    13
 Stab: Sleeping          |     1 |       |       ||     1
  Eat: Chunk             |     2 |     5 |     7 ||    14
       Bread ration      |       |     1 |       ||     1
Armor: Animal skin       |    16 |       |       ||    16
       Leather armour    |    27 |       |       ||    27
       Plate armour      |     7 |    58 |    10 ||    75
       Scale mail        |       |       |    77 ||    77
Dodge: Dodged            |    69 |    15 |    40 ||   124
Block: Other             |    13 |     5 |       ||    18
       Shield            |       |    33 |    94 ||   127
       Reflection        |       |       |    13 ||    13
